 Dungeon Crawl Stone Soup version 0.31-a0-988-g08d55dae12 (webtiles) character file.

Game seed: 2893766338620185523

935 Armakuni the Prestidigitator (level 8, 0/54 HPs)
             Began as a Human Artificer on Nov 4, 2023.
             Was an Initiate of the Shining One.
             Slain by a killer bee (8 damage)
             ... on level 5 of the Dungeon.
             The game lasted 00:15:35 (4601 turns).

Armakuni the Prestidigitator (Human Artificer)      Turns: 4601, Time: 00:15:36

Health: 0/54       AC:  6    Str: 15    XL:     8   Next: 33%
Magic:  8/8        EV: 11    Int: 12    God:    the Shining One [......]
Gold:   210        SH:  0    Dex: 25    Spells: 7/7 levels left

rFire   + . .        a - staff of poison
rCold   + . .        (no shield)
rNeg    . . .        g - +0 ring mail
rPois   +            (no helmet)
rElec   +            i - scarf {shadows}
rCorr   +            e - +0 pair of gloves
SInv    .            (no boots)
Will    .....        (no amulet) Stlth
                     V - +6 ring of dexterity
HPRegen 0.29/turn    D - +6 ring of dexterity
MPRegen 0.11/turn

%: no passive effects
@: confused, lethally poisoned (0 -> -4), resistant, ambrosia-drunk, glowing
A: subdued magic 1
a: Renounce Religion


You were on level 5 of the Dungeon.
You worshipped the Shining One.
The Shining One was noncommittal.
You visited 2 branches of the dungeon, and saw 6 of its levels.

You collected 210 gold pieces.

Inventory:

Missiles
 b - 2 curare-tipped darts
Armour
 e - a +0 pair of gloves (worn)
 g - a +0 ring mail (worn)
 i - a scarf of shadows (worn)
Magical Staves
 a - a staff of poison (weapon)
Jewellery
 D - a +6 ring of dexterity (right hand)
 V - a +6 ring of dexterity (left hand)
 W - a ring of wizardry
Wands
 c - a wand of charming (9)
Scrolls
 d - 3 scrolls of amnesia
 h - a scroll of vulnerability
 l - a scroll of teleportation
 m - a scroll of fog
 o - a scroll of fear
Potions
 f - a potion of ambrosia
 n - a potion of cancellation {unknown}
 p - a potion of mutation
 q - a potion of heal wounds {unknown}
 r - a potion of enlightenment {unknown}


   Skills:
 + Level 1.0 Fighting
 * Level 0.0 Staves
 - Level 2.0 Armour
 - Level 1.0 Dodging
 - Level 1.0 Stealth
 - Level 5.0 Poison Magic
 - Level 8.0 Evocations


You had 7 spell levels left.
You didn't know any spells.
Your spell library contained the following spells:

 Spells                   Type           Power      Damage    Failure   Level
 Tukima's Dance           Hex            0%         N/A       86%         3
 Passage of Golubria      Tloc           0%         N/A       99%         4
 Yara's Violent Unravell  Hex/Tmut       0%         3d3       100%        5


Dungeon Overview and Level Annotations

Branches:
Dungeon (5/15)             Temple (1/1) D:5

Altars:
Ashenzari
Hepliaklqana
Kikubaaqudgha
Makhleb
Nemelex Xobeh
Qazlal
Ru
Sif Muna
Trog
Uskayaw
Vehumet
Yredelemnul
Zin
The Shining One

Annotations:
D:3 exclusion: statue


Innate Abilities, Weirdness & Mutations

Your spells are a little easier to cast, but a little less powerful.


Message History

The killer bee stings you.
You miss the killer bee. The killer bee barely misses you.
The killer bee completely misses you.
You barely miss the killer bee. The killer bee closely misses you.
The killer bee stings you but does no damage. x2
You closely miss the killer bee. The killer bee misses you.
The killer bee barely misses you.
You miss the killer bee. The killer bee barely misses you.
The killer bee closely misses you. x2
Okay, then.
Unknown command.
You hit the killer bee but do no damage.
You envenom the killer bee.
The killer bee is poisoned.
The killer bee is lightly wounded.
The killer bee stings you!
* * * LOW HITPOINT WARNING * * *
The killer bee completely misses you.
You miss the killer bee.
The killer bee is lightly wounded.
The killer bee barely misses you. The killer bee stings you.
* * * LOW HITPOINT WARNING * * *
You closely miss the killer bee.
The killer bee is lightly wounded.
The killer bee stings you.
* * * LOW HITPOINT WARNING * * *
The killer bee stings you but does no damage. x2
You are confused.
You feel invigorated. The killer bee stings you.
* * * LOW HITPOINT WARNING * * *
The killer bee stings you.
* * * LOW HITPOINT WARNING * * *
You bump into the rock wall.
The killer bee closely misses you. The killer bee stings you.
* * * LOW HITPOINT WARNING * * *
You are poisoned.
The killer bee poisons you!
You closely miss the killer bee.
The killer bee is heavily wounded.
You feel sick. The killer bee stings you!
You die...

*,,* #.....##
## *,,* #.....#
*,,* ##.....#
#### *,,*
#......# #...
*,,*
#.#....####...
*,,*
#.#....##.....
*,,*
##.###.##.....#
*++#######..#
#.......##
*......@y..##
##.....##
*###########
##..### #.##
###


You could see a killer bee (poisoned).

Vanquished Creatures
  A komodo dragon (D:5)
  An ogre (D:5)
  A phantom (D:4)
  A howler monkey (D:4)
  A jelly (D:4)
  An orc priest (D:5)
  2 hounds
  Jessica (D:2)
  3 iguanas
  An orc wizard (D:3)
  4 adders
  A dart slug (D:1)
  9 orcs
  7 endoplasms
  4 giant cockroaches
  7 goblins
  9 hobgoblins
  3 jackals (D:1)
  2 quokkas
  5 ball pythons
  8 bats
  2 frilled lizards (D:3)
  10 kobolds
  2 rats
  A spectral kobold (D:4)
87 creatures vanquished.

Vanquished Creatures (collateral kills)
  An oklob sapling (D:5)
  A howler monkey (D:5)
  An adder (D:5)
  A gnoll (D:5)
  A goblin (D:1)
5 creatures vanquished.

Vanquished Creatures (others)
  A jelly (D:5)
  A sleepcap (D:4)
  An iguana (D:5)
  A hobgoblin (D:1)
  A rat (D:1)
5 creatures vanquished.

Grand Total: 97 creatures vanquished

Notes
Turn   | Place    | Note
-------+----------+-------------------------------------------
     0 | D:1      | Armakuni the Human Artificer began the quest for the Orb.
     0 | D:1      | Reached XP level 1. HP: 15/15 MP: 1/1
    33 | D:1      | Found a faded altar of an unknown god.
   146 | D:1      | Reached XP level 2. HP: 20/21 MP: 2/2
   351 | D:1      | Reached skill level 4 in Evocations
   351 | D:1      | Reached XP level 3. HP: 25/26 MP: 3/3
   940 | D:2      | Noticed Jessica
   943 | D:2      | Killed Jessica
   944 | D:2      | Reached skill level 1 in Poison Magic
   944 | D:2      | Reached XP level 4. HP: 32/32 MP: 4/4
  1068 | D:2      | You fall into a shaft and drop 1 floor!
  1084 | D:3      | Found a broken altar of Ashenzari.
  1084 | D:3      | Found a bloodstained altar of Trog.
  1211 | D:3      | Reached XP level 5. HP: 23/37 MP: 5/5
  1288 | D:3      | Found a radiant altar of Vehumet.
  1289 | D:3      | Noticed a charred statue
  1350 | D:3      | Reached skill level 5 in Evocations
  2978 | D:4      | Reached XP level 6. HP: 33/43 MP: 6/6
  3628 | D:4      | Reached skill level 6 in Evocations
  3661 | D:4      | Found a hazy altar of Hepliaklqana.
  3758 | D:5      | Entered Level 5 of the Dungeon
  3780 | D:5      | Noticed an ogre
  3787 | D:5      | Killed an ogre
  3788 | D:5      | Reached XP level 7. HP: 24/48 MP: 7/7
  4027 | D:5      | Found a staircase to the Ecumenical Temple.
  4108 | D:5      | Found a sacrificial altar of Ru.
  4142 | D:5      | Reached skill level 7 in Evocations
  4175 | D:5      | Found a hide-covered altar of Uskayaw.
  4247 | Temple   | Entered the Ecumenical Temple
  4509 | D:5      | Found a glowing golden altar of the Shining One.
  4513 | D:5      | Became a worshipper of the Shining One
  4543 | D:5      | Noticed a komodo dragon
  4551 | D:5      | Killed a komodo dragon
  4552 | D:5      | Reached skill level 5 in Poison Magic
  4552 | D:5      | Reached skill level 8 in Evocations
  4552 | D:5      | Reached XP level 8. HP: 54/54 MP: 8/8
  4561 | D:5      | Gained mutation: Your spells are a little easier to cast,
                  | but a little less powerful. [potion of mutation]
  4601 | D:5      | Slain by a killer bee

Illustrated notes

Levels and vault maps discovered:
D:1:      mainiacjoe_arrival_reflecting_pool, layout_basic,
          hellmonk_ecumenical_altar_pennies_from_heaven
D:2:      layout_basic, uniq_jessica
D:3:      layout_basic, vehumet_statue, nicolae_overflow_two_pavilions,
          minmay_cupped
D:4:      layout_basic, nicolae_hepliaklqana_monster_ancestors
D:5:      kennysheep_big_flooded_room, layout_rooms,
          mainiacjoe_overflow_alcove_1, mainiacjoe_overflow_six_doors_small,
          nicolae_tso_carved_into_rock, minmay_temple_entry_oklob,
          nicolae_ossuary_entry_ruins, minmay_fractal_squares_diagonal_5
Temple:   nicolae_temple_superstar

Skill      XL: |  1  2  3  4  5  6  7 |
---------------+----------------------+-----
Evocations     | 4 5 6 8 |  8.0
Poison Magic   | 1 3 5 |  5.0
Fighting       | |  1.0
Armour         | |  2.0
Dodging        | |  1.0
Stealth        | |  1.0

Action                     |  1- 3 |  4- 6 |  7- 9 || total
---------------------------+-------+-------+-------++-------
  Melee: Club              |    49 |       |       ||    49
         Staff             |    68 |   172 |    49 ||   289
         Punch             |     1 |     2 |       ||     3
  Throw: Dart              |     1 |     9 |       ||    10
  Evoke: Wand              |     6 |    11 |    17 ||    34
    Use: Scroll            |     2 |     6 |     2 ||    10
         Potion            |       |     1 |     3 ||     4
   Stab: Sleeping          |     2 |     1 |       ||     3
 Armour: Ring mail         |    91 |   148 |    66 ||   305
         Leather armour    |     1 |       |       ||     1
  Dodge: Dodged            |    95 |    98 |    45 ||   238

Table legend: (Time is in decaauts)
 A = Elapsed time spent in this place.
 B = Non-inter-level travel time spent in this place.
 C = Inter-level travel time spent in this place.
 D = Time resting spent in this place.
 E = Time spent auto-exploring this place.
 F = Levels seen in this place.
 G = Mean time per level.
                   A        B        C        D        E       F      G
               +--------+--------+--------+--------+--------+-----+--------+
         Total |   4679 |   4463 |    216 |    472 |   2665 |   6 |  779.8 |
       Dungeon |   4647 |   4431 |    216 |    446 |   2665 |   5 |  929.4 |
        Temple |     31 |     31 |      0 |     26 |      0 |   1 |   31.0 |
               +--------+--------+--------+--------+--------+-----+--------+

Top non-repeatable levels by time:
     D:4: 1212 daAuts
     D:3: 1036 daAuts
     D:2: 992 daAuts
     D:1: 823 daAuts
     D:5: 581 daAuts
  Temple: 31 daAuts
